[Event "*** Titled Tuesday Blitz"]
[Site "Chess.com"]
[Date "2021.02.02"]
[Round "11"]
[White "jacky72"]
[Black "Alexsur1981"]
[Result "0-1"]
[WhiteElo "2681"]
[BlackElo "2852"]
[TimeControl "180+1"]
[EndTime "12:08:03 PST"]
[Termination "Alexsur1981 won by checkmate"]

1. d4 d6 2. c4 e5 3. Nf3 Nc6 4. g3 Bg4 5. d5 Nce7 6. Bg2 g6 7. h3 Bxf3 8. Bxf3 Bg7 9. Nc3 f5 10. Bg2 Nf6 11. e4 O-O 12. O-O f4 13. g4 Nd7 14. f3 Bf6 15. Bd2 Bh4 16. Be1 Bxe1 17. Qxe1 g5 18. h4 gxh4 19. Qxh4 Ng6 20. Qh6 Qh4 21.
Qxh4 Nxh4 22. Kf2 Kg7 23. Rh1 Ng6 24. Bf1 a6 25. Be2 h6 26. b4 Ne7 27. a3 Rh8 28.
Na4 b6 29. c5 b5 30. c6 Nf6 31.
Nc3 Rhb8 32. a4 bxa4 33. Rxa4 Nc8 34. Bxa6 Nb6 35. Ra2 Kg6 36. Rha1 h5 37. gxh5+ Nxh5 38. Nb5 Ng3 39. Nxc7 Ra7 40. Nb5 Rh7 41. Rg1 Rh2+ 42. Rg2 Rh1 43. Nxd6 Kf6 44. c7 Ra8 45. c8=Q Nxc8 46.
Nxc8 Rxc8 47. d6 Rcc1 48. Rxg3 fxg3+ 49. Kxg3 Ke6 50. Rd2 Rcg1+ 51. Kf2 Rh2+ 52. Ke3 Rxd2 53. Kxd2 Kxd6 54. Bc4 Rb1 55. Ke3 Rxb4 56. Bd5 Ra4 57. Kf2 Ra7 58. Kg3 Rg7+ 59. Kf2 Rg6 60. Ke3 Rf6 61. Bc4 Ke7 62. Bg8 Rf4 63. Bh7 Kf6 64.
Bf5 Kg5 65. Kf2 Rh4 66. Kg3 Rh1 67. Kg2 Ra1 68. Kf2 Kf4 69. Bg4 Ra2+ 70. Ke1 Ke3 71. Kf1 Rb2 72. Kg1 Kf4 73. Kf1 Kg3 74. Ke1 Kg2 75. Kd1 Kf2 76. Bh5 Ke3 77. Bg4 Re2 78.
Bh5 Kd3 79. Bg4 Ke3 80. Bh5 Rh2 81. Bg4 Ra2 82. Kc1 Rd2 83. Bh5 Kd3 84. Bg4 Kc3 85.
Bh5 Rh2 86. Bg4 Rh1# 0-1

[Event "*** Titled Tuesday Blitz"]
[Site "Chess.com"]
[Date "2021.02.02"]
[Round "11"]
[White "AlexTriapishko"]
[Black "Goryachkina"]
[Result "0-1"]
[WhiteElo "2876"]
[BlackElo "2673"]
[TimeControl "180+1"]
[EndTime "12:08:03 PST"]
[Termination "Goryachkina won on time"]

1. Nf3 d5 2. g3 c6 3. Bg2 Bg4 4. c4 e6 5. cxd5 Bxf3 6. Bxf3 cxd5 7. O-O Nc6 8. d4 Nf6 9. e3 Be7 10. Nc3 O-O 11. Bd2 Rc8 12. Rc1 Nd7 13. Qe2 Nb6 14. Rfd1 Qd7 15. Be1 a6 16. h4 Rfd8 17. h5 h6 18. Bg2 Bf8 19. Kh2 Nb4 20. b3 Nc6 21. Qb2 Bb4 22. a3 Bd6 23. Nb1 Qe7 24. f4 Nd7 25.
Bf3 Na7 26. Rxc8 Rxc8 27. Rc1 Rxc1 28. Qxc1 Nc6 29. Kg2 f5 30. g4 fxg4 31. Bxg4 Nf6 32. Bf3 Qf7 33. Qd1 Ne7 34. b4 Nf5 35. Bf2 Qc7 36. Qd3 a5 37. bxa5 Qxa5 38. Qb3 b6 39.
a4 Bb4 40. Qc2 Qa8 41. Qc7 Ba5 42. Nc3 Qe8 43. Nb5 Nxh5 44. Nd6 Nxd6 45. Qxd6 Nf6 46. f5 exf5 47. Bxd5+ Kh7 48. Bf3 Qg6+ 49. Qg3 Ne4 50. Qxg6+ Kxg6 51. Bg1 Kf6 52. Kf1 Ke6 53. Ke2 g5 54.
Bh2 g4 55. Bg2 h5 56. Kd3 Kd5 57. Bf1 h4 58. Kc2 g3 59. Bg1 Bb4 60. Kd3 Bd6 61. Bh3 Ke6 62. Ke2 Ng5 63. Bg2 h3 64. Bc6 h2 0-1

[Event "*** Titled Tuesday Blitz"]
[Site "Chess.com"]
[Date "2021.02.02"]
[Round "11"]
[White "Noam_Vitenberg"]
[Black "Nikolakis2014"]
[Result "1-0"]
[WhiteElo "2523"]
[BlackElo "2628"]
[TimeControl "180+1"]
[EndTime "12:08:04 PST"]
[Termination "Noam_Vitenberg won by resignation"]

1. Nf3 Nf6 2. c4 e6 3. b3 d5 4.
Bb2 Be7 5. g3 O-O 6. Bg2 b6 7.
O-O Bb7 8. d3 Nbd7 9. Nbd2 c5 10. Rc1 d4 11. e3 e5 12. exd4 exd4 13. b4 Re8 14. bxc5 bxc5 15. Rb1 Rb8 16. Re1 Bd6 17. Qa4 Rxe1+ 18. Nxe1 Bxg2 19. Nxg2 Ne5 20. Qc2 Qc7 21. Nf4 Nc6 22. Nd5 Nxd5 23. cxd5 Ne7 24. Qc4 Rb4 25. Qa6 Nxd5 26. Nc4 Nb6 27. a3 Rxc4 28. dxc4 h5 29. Re1 h4 30. Kg2 Qc6+ 31. f3 hxg3 32. hxg3 Bc7 33.
Qb5 Qxb5 34. cxb5 Nc4 35. Bc1 Kf8 36. Kf2 Ne5 37. Ke2 c4 38. Bf4 f6 39. Bxe5 fxe5 40.
Rc1 c3 41. Kd3 Ke7 42. Rh1 Kf6 43. Rh8 Bb6 44. Rc8 g5 45. g4 Ke6 46. a4 Kd5 47.
Rg8 Kc5 48. Rxg5 Kb4 49. Kc2 Kc4 50. Rxe5 d3+ 51. Kc1 Kb3 52. Re4 d2+ 53. Kd1 Bc5 54.
g5 Kb2 55. Rc4 Bd4 56. g6 Bf6 57. Rc6 Bd4 58. f4 Bf6 59. f5 Bd4 60. a5 a6 61.
bxa6 Be5 62. a7 Bd4 63. a8=Q Be3 64. Qb7+ Ka3 65. Rxc3+ Ka4 66. Qb3+ Kxa5 67. Rxe3 Ka6 68. Re8 1-0

[Event "*** Titled Tuesday Blitz"]
[Site "Chess.com"]
[Date "2021.02.02"]
[Round "11"]
[White "dretch"]
[Black "MITerryble"]
[Result "0-1"]
[WhiteElo "2850"]
[BlackElo "2946"]
[TimeControl "180+1"]
[EndTime "12:08:07 PST"]
[Termination "MITerryble won on time"]

1. d4 e6 2. c4 Bb4+ 3. Nc3 c5 4. dxc5 Bxc3+ 5. bxc3 Qa5 6. e4 Nf6 7. f3 Nc6 8. Ne2 Qxc5 9. a4 Ne5 10. Qd4 Qxd4 11. Nxd4 a6 12. Ba3 Nc6 13. Nxc6 dxc6 14. Rb1 e5 15.
Bd6 Nd7 16. c5 f6 17. Bc4 Nf8 18. Ke2 Ra7 19. Rhd1 Be6 20. Kd3 Bxc4+ 21. Kxc4 Nd7 22. Rd2 Kf7 23. Rdb2 Rha8 24. Rxb7 Ke6 25. a5 g6 26. Bc7 f5 27. Rxa7 Rxa7 28. Bb6 Ra8 29. Rd1 Rc8 30. Rd6+ Ke7 31. Kd3 Nf6 32. exf5 gxf5 33. c4 h5 34. Ke3 f4+ 35. Ke2 h4 36. Kf1 e4 37.
fxe4 Nxe4 38. Rh6 Nd2+ 39. Ke2 Nxc4 40. Rxh4 Rg8 41. Kf2 Ne5 42. Rh7+ Ke6 43. Ra7 Nd3+ 44. Kf3 Kf5 45. Rf7+ Ke6 46. Rh7 Kf5 47. Rh5+ Kg6 48. Rh4 Kf5 49. Rh5+ Ke6 50. Ke4 Nf2+ 51. Kxf4 Nd3+ 52.
Kf3 Ne1+ 53. Kf2 Nxg2 54. Rh6+ Kd5 55. Rd6+ Ke4 56. Rxc6 Nf4 57. Rf6 Rg2+ 58. Kf1 Rc2 59. Bc7 Nd5 60. Re6+ Kf3 61. Bg3 Ne3+ 62. Rxe3+ Kxe3 63. h4 Kf3 64. Be1 Rxc5 65. Kg1 Rc1 66. Kf1 Rb1 67.
h5 Rb5 0-1

[Event "*** Titled Tuesday Blitz"]
[Site "Chess.com"]
[Date "2021.02.02"]
[Round "11"]
[White "L1m96"]
[Black "Walter_White_Poland"]
[Result "1-0"]
[WhiteElo "2567"]
[BlackElo "2344"]
[TimeControl "180+1"]
[EndTime "12:08:07 PST"]
[Termination "L1m96 won by resignation"]

1. e4 e5 2. Nf3 Nc6 3. Bb5 a6 4. Ba4 Nf6 5. O-O b5 6. Bb3 Be7 7. Re1 d6 8. c3 O-O 9. h3 Na5 10.
Bc2 c5 11. d3 Ne8 12. Nbd2 g6 13. Nf1 Ng7 14. d4 Qc7 15. Bh6 Nc6 16. Rc1 f6 17. Ne3 Bb7 18. a4 c4 19. Nd5 Qd8 20. Be3 f5 21. axb5 axb5 22. dxe5 Nxe5 23. Nxe5 dxe5 24. Bb6 Qd6 25. Nxe7+ Qxe7 26. exf5 gxf5 27. Qd2 Rf6 28. Bd4 Rg6 29. f3 Qd7 30. Rxe5 Bxf3 31. Rce1 Rxg2+ 32. Qxg2 Bxg2 33. Re7 Qd5 34. Rxg7+ Kf8 35. Rxg2 Re8 36. Rf1 Re4 37. Rxf5+ Qxf5 38. Rf2 Re1+ 39. Kg2 Qxf2+ 40.
Kxf2 Rc1 41. Bxh7 Rd1 42. Ke2 Rh1 43. Bf5 Rh2+ 44. Bf2 Rg2 45. Bg4 Rh2 46. Bd7 Rh1 47. Bxb5 Rb1 48. Bxc4 Rxb2+ 49. Kf3 Rc2 50. Bd4 Rh2 51. Kg3 Rc2 52. Bd5 Ke7 53. Bf3 Kd6 54. h4 Rc1 55. h5 Ra1 56. Kf4 Ra7 57. Bxa7 Ke6 58. Kg5 Kf7 59. Be3 Ke7 60. Be2 Ke6 61. Bf2 Ke5 62. c4 Ke4 63. Kg6 Ke5 64. Bd1 Kd6 65.
Bh4 Kc6 66. Bf6 1-0

[Event "*** Titled Tuesday Blitz"]
[Site "Chess.com"]
[Date "2021.02.02"]
[Round "11"]
[White "kingofthenil"]
[Black "ehrenfeld"]
[Result "0-1"]
[WhiteElo "2647"]
[BlackElo "2511"]
[TimeControl "180+1"]
[EndTime "12:08:07 PST"]
[Termination "ehrenfeld won on time"]

1. g4 d5 2. Bg2 c6 3. g5 e5 4.
d4 e4 5. c4 Be6 6. Nc3 Bb4 7. Qb3 Bxc3+ 8. bxc3 Qd7 9. h4 Ne7 10.
Nh3 dxc4 11. Qc2 Bf5 12. Be3 Nd5 13. Rb1 O-O 14. h5 Na6 15. Qd2 b5 16. h6 g6 17.
Nf4 Nac7 18. O-O f6 19. gxf6 Rxf6 20. Nxd5 Nxd5 21. Bg5 Rf7 22. Rbe1 Bh3 23. f3 Bxg2 24. Kxg2 Re8 25. Kh2 e3 26. Qc2 Qc7+ 27. Kg2 Nf4+ 28. Bxf4 Qxf4 29. Rh1 Rf5 30. Reg1 Rg5+ 31. Kf1 Rxg1+ 32.
Rxg1 Qxh6 33. a4 Qh4 34. Rg2 bxa4 35. Qxa4 Rb8 36. Qxc4+ Kh8 37. Qa2 Qh1+ 38. Rg1 Qh3+ 39. Rg2 Qf5 40. Kg1 Rb1+ 41. Kh2 Qh5+ 42. Kg3 Qg5+ 43.
Kh3 Rh1+ 44. Rh2 Qh5+ 45. Kg3 Qxh2+ 46. Kg4 Qh5+ 47. Kf4 Qf5+ 48. Kxe3 Qd7 49. Qa3 Kg7 50. Qc5 Rh5 51. Qb4 Rf5 52. Kf2 Rf7 53. Qb2 h5 54. c4 Kh7 55. e4 Qg4 56. Qc3 Qxe4 57. d5 cxd5 58. cxd5 Qxd5 59. Kg3 Rxf3+ 60. Qxf3 Qxf3+ 0-1

[Event "*** Titled Tuesday Blitz"]
[Site "Chess.com"]
[Date "2021.02.02"]
[Round "11"]
[White "bogcsab"]
[Black "Susik_Gaboyan"]
[Result "1/2-1/2"]
[WhiteElo "2182"]
[BlackElo "2300"]
[TimeControl "180+1"]
[EndTime "12:08:07 PST"]
[Termination "Game drawn by repetition"]

1. d4 Nf6 2. c4 g6 3. Nc3 d5 4. Nf3 Bg7 5. g3 O-O 6. Bg2 c5 7. cxd5 Nxd5 8. O-O Nc6 9. Nxd5 Qxd5 10. dxc5 Qxc5 11.
Be3 Qb5 12. Qb3 Qxb3 13. axb3 Bxb2 14. Ra2 Bf6 15. Nd2 Nd4 16. Ne4 Bg7 17. Rd1 Nxb3 18. Rxa7 Rxa7 19. Bxa7 Na5 20. Nc5 Nc6 21. Bb6 Nd4 22. e3 Ne2+ 23. Kf1 Nc3 24. Rc1 Na2 25. Rb1 Bf5 26. e4 Bc8 27. Ba5 Nc3 28. Bxc3 Bxc3 29.
Nxb7 Be6 30. Nc5 Bc4+ 31. Kg1 Bg7 32. Rc1 Bb5 33. Nb3 Rd8 34. Bf1 Bxf1 35. Kxf1 h5 36. Re1 e6 37. Nc1 Rb8 38. Nd3 Rb3 39. Nf4 Rb2 40.
Re2 Rb1+ 41. Kg2 Be5 42. Nh3 Bd4 43. Ng5 Kg7 44. Nf3 Bc3 45. Rc2 Rb3 46. h4 Kf6 47. Ng5 Be5 48. f4 Bb8 49. Ra2 Rb7 50. Rc2 Rc7 51.
Rb2 Ba7 52. Rd2 Ke7 53. e5 Rd7 54. Ra2 Bd4 55. Ne4 Rb7 56. Nd6 Rb2+ 57. Rxb2 Bxb2 58.
Kf3 Ba3 59. Ne4 Bb4 60. Nf6 Be1 61. Nh7 Bc3 62. Ng5 Ba1 63. Nh7 Bb2 64. Ng5 Bc3 65.
Nh7 Ba1 66. Ng5 Bc3 67. Nh7 Ba1 68. Ng5 Bc3 1/2-1/2

[Event "*** Titled Tuesday Blitz"]
[Site "Chess.com"]
[Date "2021.02.02"]
[Round "11"]
[White "Mimsychess"]
[Black "Sergey85Rodchenkov"]
[Result "1/2-1/2"]
[WhiteElo "2382"]
[BlackElo "2503"]
[TimeControl "180+1"]
[EndTime "12:08:08 PST"]
[Termination "Game drawn by repetition"]

1. e4 c5 2. Nf3 d6 3. Bb5+ Nd7 4.
O-O Nf6 5. Re1 a6 6. Bf1 b5 7. c3 Bb7 8. d3 e5 9. Nbd2 Be7 10. g3 O-O 11. Bg2 Re8 12. Nf1 Bf8 13. Ne3 Qc7 14. Nf5 d5 15. N3h4 Rad8 16. Qe2 c4 17. exd5 Bxd5 18.
Bxd5 Nxd5 19. dxc4 bxc4 20. Bg5 f6 21. Bd2 N7b6 22. Rad1 g6 23. Nh6+ Kh8 24. Ng4 Qf7 25. Ne3 Nxe3 26. Bxe3 Na4 27. Qc2 Nc5 28. Bxc5 Bxc5 29.
Rxd8 Rxd8 30. Rd1 Qc7 31. Rxd8+ Qxd8 32. Qe4 Qd1+ 33. Kg2 Qd3 34. Qc6 Qd6 35. Qxd6 Bxd6 36. Nf3 Kg8 37. Nd2 Kf7 38. Nxc4 Bc7 39. b4 Ke6 40. a4 Kd5 41. Ne3+ Ke4 42. c4 Kd4 43. b5 a5 44. Nd5 Bd8 45. b6 Bxb6 46. Nxb6 Kc5 47.
Nd7+ Kxc4 48. Nxf6 Kb4 49. Kf3 Kxa4 50. Ke3 Kb3 51. Kd3 a4 52. Nd5 a3 53. Nc3 Kb2 54. h4 h5 55. f3 Kb3 56. g4 Kb2 57. Kd2 Kb3 58. Ne2 Kb2 59. Nc1 Kb1 60. Kd1 Kb2 61. Kd2 Kb1 62. g5 Kb2 63. Nd3+ Kb1 64. Nb4 Kb2 65.
Ke3 Kb3 66. Nd3 Kc2 67. Ke4 Kc3 68. Nc1 Kb2 69. Nd3+ Kc3 70. Nc1 Kb2 71. Nd3+ Kc3 1/2-1/2

[Event "*** Titled Tuesday Blitz"]
[Site "Chess.com"]
[Date "2021.02.02"]
[Round "11"]
[White "sergeikim"]
[Black "TeukkaSalama"]
[Result "1/2-1/2"]
[WhiteElo "2497"]
[BlackElo "2381"]
[TimeControl "180+1"]
[EndTime "12:08:08 PST"]
[Termination "Game drawn by stalemate"]

1. d4 d6 2. c4 e5 3. Nf3 Nd7 4. Nc3 Ngf6 5. e4 Be7 6. g3 O-O 7. Bg2 c6 8. O-O a6 9. d5 cxd5 10. cxd5 b5 11. a3 Nb6 12. Nh4 Bd7 13. b3 Rc8 14.
Bd2 Rc7 15. Qe2 Qb8 16. Nd1 Rfc8 17. Ne3 g6 18. h3 Bf8 19. Ba5 Bh6 20. Kh2 Be8 21.
Ng4 Nxg4+ 22. Qxg4 Bd7 23. Nf5 Bf8 24. Qg5 Rc2 25.
Ne7+ Bxe7 26. Qxe7 Be8 27. Qf6 Nd7 28. Qe7 Nc5 29. Bb4 Qc7 30. Qf6 a5 31. Bxc5 Qxc5 32. h4 Bd7 33. h5 gxh5 34. Qg5+ Kf8 35. Qxh5 Rxf2 36. Rxf2 Qxf2 37. Rf1 Rc2 38. Rxf2 Rxf2 39. Qxh7 Ra2 40. Qh8+ Ke7 41. b4 axb4 42. axb4 Rb2 43. Qb8 Rxb4 44. Qb7 Rb2 45. Kg1 Ke8 46. Qb8+ Ke7 47.
Bf3 b4 48. Qc7 Rb3 49. Kf2 Rb2+ 50. Ke1 Rb3 51. Bg4 Re3+ 52. Kd2 Rxe4 53. Qxd7+ Kf6 54. Qxd6+ Kg5 55. Bf3 Rd4+ 56. Ke3 f6 57. Qe6 Rc4 58.
d6 Rc3+ 59. Ke2 b3 60. Be4 b2 61. Qf5+ Kh6 62. Qxf6+ Kh5 63. Qxe5+ Kh6 64. Qxc3 b1=Q 65. Bxb1 Kh5 66. Qe5+ Kh6 67. d7 1/2-1/2

[Event "*** Titled Tuesday Blitz"]
[Site "Chess.com"]
[Date "2021.02.02"]
[Round "11"]
[White "Rsnr"]
[Black "Legendinunknown"]
[Result "1/2-1/2"]
[WhiteElo "2767"]
[BlackElo "2606"]
[TimeControl "180+1"]
[EndTime "12:08:15 PST"]
[Termination "Game drawn - insufficient material"]

1. d4 d5 2. c4 c6 3. Nf3 Nf6 4. Qc2 g6 5. Bf4 Bg7 6. e3 O-O 7. Nc3 a6 8. c5 Bf5 9. Qb3 Qc8 10. h3 Nbd7 11. Be2 Ne4 12. O-O Nxc3 13. Qxc3 f6 14.
b4 Qe8 15. a4 e5 16. Bg3 Be4 17.
Rfe1 Bxf3 18. Bxf3 f5 19. b5 Qe6 20. Rab1 axb5 21. axb5 Qf6 22. dxe5 Nxe5 23. Bxe5 Qxe5 24. Qxe5 Bxe5 25. bxc6 bxc6 26. Rb6 Rfc8 27. Rxc6 Rxc6 28. Bxd5+ Kg7 29. Bxc6 Rc8 30. Ba4 Rxc5 31. Rd1 Ra5 32. Bb3 Ra3 33. Rd7+ Kh6 34. Bd1 Ra6 35. Be2 Ra1+ 36.
Bf1 f4 37. Re7 Ra5 38. exf4 Bxf4 39. g3 Bg5 40. Rb7 Bf6 41. Kg2 Re5 42. Bd3 Re7 43. Rb6 Kg7 44. h4 Rd7 45. Be4 Re7 46. Kf3 Rf7 47.
Ke3 Be7 48. Rc6 Bf6 49. f4 Re7 50. Kf3 Ra7 51. Kg4 h5+ 52. Kf3 Ra3+ 53. Kg2 Ra2+ 54. Kh3 Ra7 55. Bd3 Rd7 56. Bc2 Re7 57. Kg2 Rd7 58. Kf3 Re7 59. Bd3 Ra7 60. Rc5 Rd7 61. Be4 Ra7 62. Rd5 Ra3+ 63. Bd3 Ra7 64. f5 gxf5 65. Rxf5 Rd7 66. Ke2 Re7+ 67. Kd2 Re5 68. Rf3 Rc5 69. Bf5 Be5 70. Be4 Rc4 71. Bd3 Rg4 72. Be2 Rxg3 73. Rxg3+ Bxg3 74. Bxh5 Bxh4 1/2-1/2

[Event "*** Titled Tuesday Blitz"]
[Site "Chess.com"]
[Date "2021.02.02"]
[Round "11"]
[White "Taktikmonster"]
[Black "barriochess"]
[Result "0-1"]
[WhiteElo "2290"]
[BlackElo "2428"]
[TimeControl "180+1"]
[EndTime "12:08:16 PST"]
[Termination "barriochess won by checkmate"]

1. e4 c5 2. Nf3 d6 3. d4 cxd4 4. Nxd4 Nf6 5. Nc3 g6 6. Be3 Bg7 7. f3 Nc6 8. Qd2 O-O 9. O-O-O d5 10. exd5 Nxd5 11. Nxc6 bxc6 12. Bd4 e5 13. Bc5 Be6 14. Ne4 h6 15. Bc4 Re8 16. h4 Qc7 17. g4 Red8 18. Qf2 Nf4 19. Bxe6 Nxe6 20. g5 Rxd1+ 21. Rxd1 Nf4 22.
gxh6 Bxh6 23. Kb1 Rd8 24. Bd6 Bf8 25. Qc5 Bxd6 26. Rxd6 Rxd6 27. Nxd6 f6 28. Ne4 Kg7 29. b4 Ne6 30. Qc4 Qd7 31. a4 Qd1+ 32. Ka2 Qd5 33. Qxd5 cxd5 34. Nc3 Nc7 35. b5 Kf7 36. Kb3 Ke6 37. Kb4 Kd6 38. a5 f5 39. Ne2 Ne6 40. f4 exf4 41. b6 axb6 42. axb6 Kc6 43. Ka5 Kb7 44.
c3 f3 45. Ng3 f2 46. Kb5 f4 47.
Nf1 d4 48. cxd4 Nxd4+ 49. Kc5 Nf3 50. Kd5 Nxh4 51. Ke4 g5 52. Kd3 Kxb6 53. Ke2 Kc6 54.
Kxf2 Kd5 55. Nh2 Ke5 56. Ng4+ Kf5 57. Nh6+ Ke4 58. Ng4 f3 59. Nh2 Kf4 60. Nf1 g4 61. Ng3 Nf5 62. Nh5+ Kg5 63. Ng3 Nxg3 64. Kxg3 Kf5 65.
Kf2 Kf4 66. Kg1 g3 67. Kh1 Ke3 68. Kg1 Ke2 69. Kh1 g2+ 70. Kg1 f2+ 71. Kh2 f1=Q 72.
Kg3 g1=Q+ 73. Kh4 Qf4+ 74. Kh5 Qfg5# 0-1

[Event "*** Titled Tuesday Blitz"]
[Site "Chess.com"]
[Date "2021.02.02"]
[Round "11"]
[White "Tsyhanchuk_Stanislav"]
[Black "Vnebo"]
[Result "1/2-1/2"]
[WhiteElo "2493"]
[BlackElo "2732"]
[TimeControl "180+1"]
[EndTime "12:08:24 PST"]
[Termination "Game drawn - insufficient material"]

1. e4 d5 2. exd5 Qxd5 3. Nc3 Qd6 4. d4 Nf6 5. Bc4 a6 6. Nge2 b5 7. Bf4 Qd8 8. Bb3 Bb7 9. O-O e6 10. Be5 c5 11. dxc5 Qxd1 12. Raxd1 Nbd7 13. Bxf6 gxf6 14.
c6 Bxc6 15. Nd4 Bb7 16. Rfe1 O-O-O 17. a4 b4 18. Ne4 Nc5 19. Nxc5 Bxc5 20. Ne2 Rhg8 21.
Ng3 f5 22. Kf1 Rxd1 23. Rxd1 f4 24. Nh5 Rxg2 25. Rd2 Rxh2 26. Nxf4 Bf3 27. Ne2 Rxf2+ 28. Ke1 Rh2 29. Ng3 Rh3 30. Nf1 h5 31. Bc4 a5 32.
b3 Rh1 33. Ba6+ Kc7 34. Bb5 Bc6 35. Bxc6 Kxc6 36. Rg2 h4 37. Rg7 f5 38. Ke2 h3 39.
Rh7 Bd6 40. Kf2 Bc5+ 41. Ke2 Bd6 42. Kf2 h2 43. Rh4 Kd5 44. Kg2 Rg1+ 45. Kf2 Rg4 46. Ne3+ Ke5 47. Nxg4+ fxg4 48. Rxh2 Kf5 49. Rh8 Kf4 50.
Rh7 g3+ 51. Ke2 Ke4 52. Rg7 Be5 53. Rg4+ Bf4 54. Rg6 Kd4 55. Rg4 e5 56. Rg8 Kc3 57. Rc8+ Kb2 58. Kf3 Kb1 59. Rc5 Kb2 60. Rc4 Bd2 61.
Kg2 Bc3 62. Rc5 Kxc2 63. Rxa5 Kxb3 64. Ra8 Kc2 65. a5 b3 66. a6 b2 67. Rb8 Bd4 68.
Kxg3 b1=Q 69. Rxb1 Kxb1 70. Kf3 Kc2 71. Ke4 Kc3 72.
a7 Bxa7 73. Kxe5 1/2-1/2

[Event "*** Titled Tuesday Blitz"]
[Site "Chess.com"]
[Date "2021.02.02"]
[Round "11"]
[White "CheckThis4"]
[Black "Orest_Vovk"]
[Result "0-1"]
[WhiteElo "2558"]
[BlackElo "2478"]
[TimeControl "180+1"]
[EndTime "12:08:25 PST"]
[Termination "Orest_Vovk won by checkmate"]

1. d4 e6 2. e4 d5 3. Nc3 dxe4 4. Nxe4 Nd7 5. Nf3 Ngf6 6. Nxf6+ Nxf6 7. c3 c5 8. Ne5 cxd4 9. Bb5+ Nd7 10. Qxd4 a6 11. Bxd7+ Bxd7 12. Be3 Bb5 13. Qf4 Qf6 14. O-O-O Qxf4 15. Bxf4 Bc5 16. c4 Ba4 17. b3 Bc6 18. Nxc6 bxc6 19. f3 Ke7 20. Kc2 Rhd8 21. h4 a5 22. Rxd8 Rxd8 23. h5 Ra8 24. a4 Bb4 25. h6 g6 26. Rd1 f6 27. Bc7 Rc8 28. Bb6 c5 29. g4 e5 30. Rd5 Ke6 31. Kd3 f5 32. g5 Rc6 33. Bd8 Rd6 34. Rxd6+ Kxd6 35. Bf6 Ke6 36. Ke3 Ba3 37. Kd3 Bc1 38. Bd8 Kd7 39.
Bxa5 Bxg5 40. Bc3 Kd6 41. a5 Bf6 42. f4 e4+ 43. Kd2 Bh4 44. a6 Kc6 45. Ba5 Bg3 46. Ke3 Bh4 47. Ke2 Be7 48. Ke3 Bf8 49. Bd8 Bxh6 50. Bf6 Bf8 51. Kd2 Kb6 52. Kc3 Kxa6 53. b4 cxb4+ 54. Kb3 Kb6 55. Bd4+ Bc5 56. Bf6 e3 57.
Bh4 e2 58. Kc2 Ka5 59. Kd3 b3 60. Kc3 Ka4 61. Kb2 Ba3+ 62. Kc3 Bb4+ 63. Kb2 e1=Q 64.
Bxe1 Bxe1 65. c5 Bg3 66. c6 Bxf4 67. Kb1 Bc7 68. Kb2 h5 69. Kc3 h4 70. Kd3 h3 71.
Ke3 h2 72. Kf2 h1=Q 73. Ke2 Qd5 74. Ke3 g5 75. Kf2 Qe4 76. Kg1 Qe2 77. Kh1 Qh2# 0-1

[Event "*** Titled Tuesday Blitz"]
[Site "Chess.com"]
[Date "2021.02.02"]
[Round "11"]
[White "Ladislav1969"]
[Black "ChessFighter1975"]
[Result "0-1"]
[WhiteElo "2324"]
[BlackElo "2436"]
[TimeControl "180+1"]
[EndTime "12:08:26 PST"]
[Termination "ChessFighter1975 won by resignation"]

1. e4 d6 2. d4 Nf6 3. Nc3 Nbd7 4. Be3 e5 5. Nf3 c6 6. a4 Be7 7. Bc4 a5 8. O-O Qc7 9. h3 h6 10. Re1 Nf8 11. Nh4 g6 12. Nf3 g5 13. dxe5 dxe5 14. Nh2 Ng6 15. Ng4 Nf4 16. Nxf6+ Bxf6 17. Bxf4 gxf4 18. Qh5 Qe7 19. Rad1 Rg8 20. Kh2 Bd7 21. Bxf7+ Qxf7 22. Qxf7+ Kxf7 23. Rxd7+ Ke6 24. Rxb7 Rad8 25. Rb6 Rd6 26. Rd1 Rgd8 27. Rxd6+ Rxd6 28. f3 Bh4 29. Kg1 Kd7 30. Rb7+ Kc8 31. Rh7 Rd2 32. Rxh6 Bg3 33. Rxc6+ Kb7 34. Rc5 Rxc2 35. Kf1 Rf2+ 36.
Ke1 Rxg2+ 37. Kd1 Rxb2 38. Rb5+ Rxb5 39. Nxb5 Kb6 40. Kc2 Kc5 41. Kd3 Kb4 42. Na7 Kxa4 43. Nc6 Kb3 44. Nxe5 a4 45. Nc4 Bh4 46. e5 Be7 47. Kd4 Bh4 48. e6 Be7 49. Nd2+ Kb2 50. Kd5 Kc2 51. Nc4 Kb3 52. Na5+ Kc2 53. Nc6 a3 54.
Nxe7 a2 55. Nc6 a1=Q 56. e7 Qa2+ 57. Kd6 Qf7 58. Nd4+ Kd3 59. Ne6 Ke3 60. Nc7 Qf6+ 61. Kd7 Qf5+ 62. Kd6 Qf6+ 63. Kd7 Qf5+ 64. Ne6 Qd5+ 65.
Kc7 Qxe6 66. Kd8 Qd6+ 67. Ke8 Kxf3 68. Kf7 Qd7 69. Kf8 Qf5+ 70. Kg7 Qe6 71. Kf8 Qf6+ 72. Ke8 Kg3 73. h4 f3 74. h5 f2 75. h6 f1=Q 76.
h7 Qe2 0-1

[Event "*** Titled Tuesday Blitz"]
[Site "Chess.com"]
[Date "2021.02.02"]
[Round "11"]
[White "anantone"]
[Black "frederiksvane"]
[Result "1/2-1/2"]
[WhiteElo "2585"]
[BlackElo "2749"]
[TimeControl "180+1"]
[EndTime "12:08:27 PST"]
[Termination "Game drawn by repetition"]

1. c4 c5 2. g3 Nc6 3. Bg2 g6 4. Nc3 Bg7 5. d3 Nf6 6. e3 O-O 7. Nge2 d5 8. Nxd5 Nxd5 9. cxd5 Nb4 10. Nc3 e6 11. e4 exd5 12. a3 d4 13. Ne2 Nc6 14.
O-O Be6 15. Nf4 Bd7 16. Nd5 Rc8 17. Bf4 Be6 18. Rc1 b6 19. Qd2 f5 20. b4 fxe4 21.
dxe4 Ne5 22. bxc5 bxc5 23. Bxe5 Bxe5 24. f4 Bg7 25. Qd3 Bxd5 26. exd5 Re8 27. Qb5 Qd6 28. Bh3 Rb8 29. Qxc5 Qxc5 30. Rxc5 d3 31. Rc6 Re2 32. Rc8+ Rxc8 33. Bxc8 Bd4+ 34. Kh1 h5 35. Ba6 Re3 36. Rd1 Kf7 37. Rxd3 Rxd3 38. Bxd3 Kf6 39. h4 Bc5 40. Kg2 Bxa3 41. Kf3 Bc5 42. Ba6 Bb6 43. g4 hxg4+ 44. Kxg4 Bc5 45. Bd3 a5 46. Bc2 Bd6 47. f5 gxf5+ 48. Bxf5 a4 49. Bb1 a3 50. Ba2 Ke5 51.
h5 Bf8 52. Kg5 Kd4 53. h6 Kc3 54. Kg6 Kb2 55. h7 Kxa2 56. h8=Q Bb4 57. Qb8 Kb3 58. d6 a2 59. Qa8 Bxd6 60. Qd5+ Kb2 61. Qd4+ Kb1 62.
Qd3+ Kb2 63. Qd2+ Kb1 64. Qd3+ Kb2 65. Qb5+ Kc2 66. Qc4+ Kb2 67. Qd4+ Kb1 68. Qd1+ Kb2 69. Qd2+ Kb1 70. Qd1+ Kb2 71. Qd2+ 1/2-1/2

[Event "*** Titled Tuesday Blitz"]
[Site "Chess.com"]
[Date "2021.02.02"]
[Round "11"]
[White "Loy_Konstantin"]
[Black "scarabee43"]
[Result "0-1"]
[WhiteElo "2377"]
[BlackElo "2567"]
[TimeControl "180+1"]
[EndTime "12:08:27 PST"]
[Termination "scarabee43 won on time"]

1. e4 c5 2. Nf3 e6 3. d3 d5 4.
Nbd2 Nc6 5. g3 Nf6 6. Bg2 Be7 7. O-O O-O 8. Re1 Qc7 9. Nf1 dxe4 10. dxe4 Rd8 11.
Qe2 e5 12. c3 b6 13. Bg5 a5 14. Bxf6 Bxf6 15. Rad1 Ba6 16. Qc2 Rd7 17. Ne3 Ne7 18. Bh3 Rxd1 19. Rxd1 Rd8 20. Bf1 Bb7 21. Bc4 Rxd1+ 22.
Nxd1 Qc6 23. Nd2 b5 24. Be2 Bg5 25. Bf3 Qd6 26. Nf1 c4 27. Nde3 a4 28. b3 axb3 29. axb3 cxb3 30. Qxb3 Qd3 31. Qc2 Qd7 32. h4 Bf6 33. Qd2 Qxd2 34. Nxd2 g6 35. Be2 Bc6 36. f3 Kf8 37. Nc2 Nc8 38. Kf2 Nd6 39. Nb3 Bd8 40.
Nb4 Bb6+ 41. Kg2 Bb7 42. Nc1 Be3 43. Ncd3 f6 44. Ne1 Bd2 45. Ned3 Bxc3 46. Kf1 f5 47. Na2 Bd4 48. exf5 Nxf5 49. Kg2 Ne3+ 50. Kh3 Bc8+ 51. g4 Ke7 52. Ndb4 Kd6 53. Bxb5 e4 54. fxe4 Nxg4 55. Kg3 Be5+ 56. Kf3 Nf6 57. Bc4 Kc5 58. Bf7 Bg4+ 59. Kg2 Nxe4 60. Nc2 Bd1 61. Nab4 Bc3 62.
Nd3+ Kd6 63. Nce1 Be2 64. Kh3 Nf6 65. Bc4 Ke7 66. Kg2 Bxe1 67. Nxe1 Bxc4 68. Nf3 Ke6 69. Ng5+ Kf5 70. Nf3 Bd5 71. Kg3 Bxf3 72. Kxf3 h5 73. Kg3 Ke4 74. Kh3 Kf4 0-1

[Event "*** Titled Tuesday Blitz"]
[Site "Chess.com"]
[Date "2021.02.02"]
[Round "11"]
[White "SHIVACalypso"]
[Black "andy_rekt"]
[Result "1-0"]
[WhiteElo "2361"]
[BlackElo "2232"]
[TimeControl "180+1"]
[EndTime "12:08:29 PST"]
[Termination "SHIVACalypso won by resignation"]

1. Nf3 c5 2. c4 Nc6 3. g3 e5 4. Nc3 g6 5. Bg2 Bg7 6. O-O Nge7 7. Ne1 d6 8. Nc2 Be6 9. Ne3 a6 10. a4 O-O 11. Ned5 Rb8 12. d3 Nd4 13. a5 Nxd5 14.
Nxd5 f5 15. e3 Nc6 16. Qa4 Kh8 17. Bd2 e4 18. dxe4 Bxb2 19. Rab1 Bg7 20. exf5 Bxf5 21. e4 Bd7 22. Nb6 Be6 23. Rfd1 Nd4 24. Be3 Bg4 25. Bxd4 Bxd4 26. Rd2 Qg5 27. Qc2 Rf7 28. Kh1 Bf3 29. Bxf3 Rxf3 30. Kg2 Rbf8 31. Rf1 Qg4 32. h3 Qg5 33. Rxd4 cxd4 34. Nd5 d3 35. Qb2+ Kg8 36. h4 Qg4 37. Ne7+ Kf7 38. Qxb7 Ke6 39. Nd5 R8f7 40. Qc8+ Rd7 41. Nb6 Ke7 42. Qxd7+ Qxd7 43. Nxd7 Rf7 44. Nb6 Ke6 45. Nd5 Ke5 46. f3 Kd4 47. Rd1 Kxc4 48. Kf2 Rb7 49. Ke3 Rb3 50. Rd2 Ra3 51.
Nf4 Rxa5 52. Rxd3 Ra1 53. Rxd6 Re1+ 54. Ne2 a5 55. Rd4+ Kb3 56. e5 a4 57. Rd8 a3 58. Rb8+ Kc4 59. e6 a2 60. Rc8+ Kb5 61. Rb8+ Kc6 62. Ra8 a1=Q 63. Rxa1 Rxa1 64. Kf4 Kd6 65. Kg5 Ra5+ 66. Kh6 Rh5+ 67. Kg7 Kxe6 68. Nf4+ Kf5 69. Nxh5 gxh5 70. Kh6 Kf6 71. Kxh5 Kg7 72. Kg4 Kg6 73. Kf4 Kf6 74. g4 1-0